 Dungeon Crawl Stone Soup version 0.29-a0-384-g6960b1960d (webtiles) character file.

Game seed: 13824837218762718085

68470 avis the Warrior (level 15, -18/155 HPs)
             Began as a Hill Orc Monk on May 1, 2022.
             Was the Champion of Beogh.
             Demolished by an orc knight
             ... wielding a +2 vorpal long sword
              (32 damage)
             ... on level 2 of the Orcish Mines on May 7, 2022.
             The game lasted 03:40:41 (27415 turns).

avis the Warrior (Hill Orc Monk)                   Turns: 27415, Time: 03:40:41

Health: -18/155    AC: 16    Str: 27    XL:     15   Next: 26%
Magic:  23/23      EV: 17    Int: 16    God:    Beogh [******]
Gold:   3046       SH:  5    Dex: 13    Spells: 16/25 levels left

rFire   . . .      SeeInvis .   a - +2 broad axe (freeze)
rCold   . . .      Faith    .   I - +0 buckler
rNeg    . . .      Spirit   .   T - +1 steam dragon scales
rPois   +          Reflect  .   h - +0 helmet of Gearauss {+Inv Fly Dex-4 Slay+4}
rElec   .          Harm     .   n - +2 cloak {rCorr}
rCorr   +          Rampage  +   r - +2 pair of gloves
Will    ++++.                   x - +0 pair of boots
Stlth   ++........              D - amulet of Yhecyd {RegenMP Rampage Drain Will+++ Str+2}
HPRegen 0.35/turn               q - ring of the Two Names {rPois Int+3}
MPRegen 0.58/turn               z - ring "Apousch" {EV+4 Str+3 Int+3 Dex+4}

@: flying, studying 3 skills
A: walk on water
a: Renounce Religion, Evoke Invisibility, Smiting, Recall Orcish Followers, Give
Item to Named Follower, Resurrection


You were on level 2 of the Orcish Mines.
You worshipped Beogh.
Beogh was exalted by your worship.
You visited 4 branches of the dungeon, and saw 20 of its levels.
You also visited: Ossuary, Gauntlet and Ice Cave.

You collected 3196 gold pieces.
You spent 150 gold pieces at shops.

Inventory:

Hand Weapons
 a - a +2 broad axe of freezing (weapon)
 b - a +3 hand crossbow of flaming
 w - the +10 flail of Vengeance {vorpal, rF+ Dex+3}
   (You found it on level 3 of the Lair of Beasts)

   It inflicts extra damage upon your enemies.
   Dex:       It affects your dexterity (+3).
   rF:        It protects you from fire.
Armour
 h - the +0 helmet of Gearauss (worn) {+Inv Fly Dex-4 Slay+4}
   (You found it on level 8 of the Dungeon)

   Dex:       It affects your dexterity (-4).
   Slay:      It affects your accuracy & damage with ranged weapons and melee
   (+4).
   +Inv:      It lets you turn invisible.
   Fly:       It grants you flight.
 n - a +2 cloak of preservation (worn)
 r - a +2 pair of gloves (worn)
 x - a +0 pair of boots (worn)
 I - a +0 buckler (worn)
 T - +1 steam dragon scales (worn)
Jewellery
 e - a ring of wizardry
 q - the ring of the Two Names (left hand) {rPois Int+3}
   (You found it in a Gauntlet)

   [ring of poison resistance]

   Int:       It affects your intelligence (+3).
   rPois:     It protects you from poison.
 z - the ring "Apousch" (right hand) {EV+4 Str+3 Int+3 Dex+4}
   (You found it on level 10 of the Dungeon)

   [ring of evasion]

   EV:        It affects your evasion (+4).
   Str:       It affects your strength (+3).
   Int:       It affects your intelligence (+3).
   Dex:       It affects your dexterity (+4).
 D - the amulet of Yhecyd (around neck) {RegenMP Rampage Drain Will+++ Str+2}
   (You found it in a Gauntlet)

   [amulet of magic regeneration]

   It increases your rate of magic regeneration.
   Str:       It affects your strength (+2).
   Drain:     It drains your maximum health when unequipped.
   Rampage:   It bestows one free step when moving towards enemies.
   Will:      It greatly increases your willpower.
Wands
 i - a wand of paralysis (17)
 m - a wand of iceblast (41)
 Q - a wand of flame (14)
 V - a wand of mindburst (21)
Scrolls
 d - 2 scrolls of holy word
 j - 2 scrolls of summoning
 G - 9 scrolls of teleportation
 L - 2 scrolls of magic mapping
 N - 3 scrolls of fear
 U - 2 scrolls of fog
Potions
 c - a potion of heal wounds
 g - a potion of berserk rage
 l - 10 potions of curing
 s - a potion of lignification
 B - 3 potions of cancellation
 C - 2 potions of brilliance
 J - 2 potions of invisibility
 S - 2 potions of magic
 W - 4 potions of might
 X - 4 potions of resistance
Miscellaneous
 u - a tin of tremorstones (2/2)
 H - a box of beasts
 R - a condenser vane


   Skills:
 - Level 20.0 Fighting
 + Level 16.0 Axes
 - Level 5.0 Armour
 - Level 5.0 Dodging
 - Level 1.5 Stealth
 - Level 4.0 Shields
 * Level 5.7 Spellcasting
 - Level 7.0 Translocations
 - Level 1.0 Transmutations
 - Level 5.0 Earth Magic
 - Level 10.0 Invocations


You had 16 spell levels left.
You knew the following spells:

 Your Spells              Type           Power      Damage    Failure   Level
a - Passwall              Tmut/Erth      11%        N/A       8%          2
b - Blink                 Tloc           52%        N/A       1%          2
c - Manifold Assault      Tloc           26%        N/A       28%         5

Your spell library contained the following spells:

 Spells                   Type           Power      Damage    Failure   Level
 Sting                    Tmut/Pois      24%        1d4       14%         1
 Freeze                   Ice            16%        1d4       19%         1
 Slow                     Hex            16%        N/A       19%         1
 Ensorcelled Hibernation  Hex/Ice        8%         N/A       26%         2
 Poisonous Vapours        Pois/Air       8%         N/A       26%         2
 Static Discharge         Conj/Air       4%         N/A       26%         2
 Confusing Touch          Hex            4%         N/A       47%         3
 Frozen Ramparts          Ice            8%         1d2       47%         3
 Swiftness                Air            4%         N/A       47%         3
 Vampiric Draining        Necr           4%         2d6       47%         3
 Summon Forest            Summ/Tloc      7%         N/A       75%         5
 Hailstorm                Conj/Ice       4%         3d4       87%         4
 Olgreb's Toxic Radiance  Pois           4%         N/A       87%         4
 Borgnjor's Vile Clutch   Necr/Erth      6%         N/A       87%         5
 Alistair's Intoxication  Tmut/Pois      4%         N/A       99%         5
 Iskenderun's Battlesphe  Conj           4%         2d6       99%         5
 Lightning Bolt           Conj/Air       2%         1d13      99%         5
 Summon Mana Viper        Hex/Summ       4%         N/A       99%         5
 Eringya's Noxious Bog    Tmut/Pois      3%         N/A       100%        6
 Iron Shot                Conj/Erth      6%         9d2       100%        6
 Summon Cactus Giant      Summ           2%         N/A       100%        6
 Spellforged Servitor     Conj/Summ      2%         N/A       100%        7
 Storm Form               Tmut/Air       3%         N/A       100%        7
 Maxwell's Capacitive Co  Air            2%         ∞         100%        8
 Chain Lightning          Conj/Air       2%         3d2       100%        9
 Fire Storm               Conj/Fire      2%         8d1       100%        9
 Shatter                  Erth           10%        3d11*     100%        9


Dungeon Overview and Level Annotations

Branches:
Dungeon (11/15)            Temple (1/1) D:7            Lair (6/6) D:10
  Swamp (0/4) Lair:4       Spider (0/4) Lair:4        Slime (0/5) Lair:6
    Orc (2/2) D:10            Elf (0/3) Orc:2       Ossuary (visited)
  IceCv (visited)         Gauntlet (visited)

Altars:
Ashenzari
Dithmenos
Gozag
Nemelex Xobeh
Wu Jian
Xom
Yredelemnul
Beogh
Lugonu

Shops:
Orc:1 *

Portals:
Abyss: Lair:4


Message History

You block the orc knight's attack.
You slice the orc knight!! You freeze the orc knight.
The orc knight surrenders.
It shouts, "I'll follow you!
Let me live!"
You hit the orc knight but do no damage.
The orc knight hits your orc knight with a +0 great sword.
You slice the orc knight!! You freeze the orc knight!
The orc knight is heavily wounded.
The orc knight hits you with a +0 great sword!!
* * * LOW HITPOINT WARNING * * *
Your orc knight closely misses the orc knight.
What are your orders? t - Shout!
Orders for allies: a - Attack new target. r - Retreat! s - Stop attacking. g - Guard the area. f - Follow me.
Anything else - Cancel.
Retreat in which direction?
Press: ? - help, Dir - move target Fall back!
The orc knight hits you with a +0 great sword!!
* * * LOW HITPOINT WARNING * * *
You slash the orc knight! You freeze the orc knight.
The orc knight is severely wounded.
You slash the orc knight! You freeze the orc knight.
The orc knight is moderately wounded.
You barely miss the orc knight.
Unknown command.
You slash the orc knight! You freeze the orc knight.
The orc knight is heavily wounded.
You barely miss the orc knight.
The orc knight hits you with a +0 great sword!
* * * LOW HITPOINT WARNING * * *
The orc knight closely misses you.
You feel much better.
The orc knight hits you with a +0 great sword!
* * * LOW HITPOINT WARNING * * *
The orc knight hits you with a +2 vorpal long sword!!
You die...
Beogh appreciates the orc knight's killing of a heretic priest.

..#.....<..#
##..#.......##
..8#..#.......#
..##$.#...#....
...)#.#..o....##
....#.'........#
_.8.#.'.......## [..
#)oo...$...#
)..)#)#@...$...#
..##.)#........#
..8#.)#.......#
..##..#.......#
8.....#.......# ##
##########8......# #..
##........#......##
...>........#........#
..#.................##


You could see 2 orc knights and a friendly orc knight (strong).

Vanquished Creatures
  2 azure jellies (IceCv)
  The ghost of kevlar127 the Grappler, a journeyman TrBe of Trog (Orc:2)
  A minotaur (Gauntlet)
  2 fire dragons (Lair:6)
  A great orb of eyes (Gauntlet)
  2 hydras
  Harold (D:11)
  A catoblepas (Lair:4)
  2 two-headed ogres
  5 death yaks
  A swamp dragon (Lair:6)
  2 lindwurms
  A necromancer (Lair:3)
  3 ugly things
  An orc knight (Orc:1)
  Pikel (D:5)
  A wolf spider (Lair:4)
  A manticore (Lair:4)
  2 elephants
  2 black mambas
  2 smoke demons (Gauntlet)
  3 molten gargoyles (D:10)
  2 ice statues (IceCv)
  5 torpor snails
  4 cane toads
  An unseen horror (D:7)
  4 rime drakes
  6 komodo dragons
  2 entropy weaver simulacra (IceCv)
  An ice devil (Lair:4)
  A red devil (Gauntlet)
  A queen bee (D:9)
  A tyrant leech (Lair:6)
  A troll (D:7)
  A raiju (D:10)
  2 hornets (Lair:6)
  7 slime creatures (IceCv)
  A blink frog (Lair:1)
  A shadow (D:10)
  3 wraiths
  7 wyverns
  A vampire (D:7)
  15 yaks
  A large abomination (D:10)
  3 basilisks
  2 vampire mosquitoes
  Eustachio (D:6)
  6 steam dragons
  A warg (Orc:1)
  A demonic crawler simulacrum (IceCv)
  Duvessa (D:4)
  7 water moccasins
  A swamp drake (Lair:6)
  2 orc warriors
  3 ugly thing simulacra (IceCv)
  3 ice beasts
  5 ogres
  2 wolves (D:9)
  A centaur (D:7)
  2 lemures (D:5)
  2 kobold brigands
  A phantom (D:6)
  3 elf zombies (D:4)
  7 bullfrogs
  3 gnoll sergeants
  An elf skeleton (D:4)
  A necrophage (D:5)
  2 glowing shapeshifter simulacra (IceCv)
  2 scorpions
  5 wights (D:7)
  3 water moccasin zombies (Ossuary)
  Dowan (D:4)
  32 killer bees
  An electric eel (Lair:4)
  3 howler monkeys
  8 crimson imps (Gauntlet)
  A wyvern simulacrum (D:9)
  4 hounds
  A human skeleton (D:4)
  A gnoll shaman (D:4)
  2 orc priests
  6 jellies
  Crazy Yiuf (D:2)
  4 iguanas
  4 orc wizards
  2 polar bear simulacra (Lair:3)
  2 yak simulacra (Lair:3)
  3 hell rats (Lair:4)
  2 wolf simulacra (Lair:3)
  2 mummies (Ossuary)
  13 adders
  14 gnolls
  2 white imps
  3 ufetubi
  5 adder zombies (Ossuary)
  3 worms
  3 dart slugs
  14 orcs
  6 ball pythons
  7 bats
  10 endoplasms
  3 giant cockroaches
  5 gnoll zombies (Ossuary)
  11 goblins
  7 hobgoblins
  6 quokkas
  11 frilled lizards
  5 hobgoblin zombies (Ossuary)
  13 kobolds
  2 kobold zombies (Ossuary)
  An orc skeleton (D:4)
  6 orc zombies (Ossuary)
  4 rats
  A lurking horror (Lair:4)
  A plant (Lair:6)
413 creatures vanquished.

Vanquished Creatures (collateral kills)
  Gastronok (Lair:2)
  An orc warlord (Lair:6)
  Josephine (D:11)
  A fire dragon (Lair:5)
  A hydra (Lair:4)
  A two-headed ogre (D:10)
  6 death yaks
  A thrashing horror (D:10)
  2 lindwurms (Lair:6)
  A manticore (D:8)
  7 black mambas
  8 elephants
  A molten gargoyle (D:10)
  A gargoyle (D:7)
  4 cane toads
  2 torpor snails (Lair:6)
  2 rime drakes
  4 komodo dragons
  An ice devil (Lair:4)
  An entropy weaver simulacrum (IceCv)
  2 tyrant leeches (Lair:6)
  7 hornets (Lair:6)
  A troll (D:7)
  6 slime creatures (IceCv)
  A raiju (D:10)
  2 blink frogs (Lair:1)
  12 yaks
  2 wyverns
  A fire elemental (Lair:6)
  A basilisk (Lair:3)
  2 wraiths (D:11)
  5 vampire mosquitoes
  An acid dragon (D:11)
  8 water moccasins
  An orc warrior (Orc:1)
  A sky beast (D:7)
  2 swamp drakes (Lair:6)
  An ugly thing simulacrum (IceCv)
  2 wolves (D:9)
  A black bear (D:7)
  A kobold brigand (D:7)
  7 bullfrogs
  A gnoll sergeant (D:9)
  2 small abominations (D:10)
  A necrophage (D:8)
  4 killer bees
  2 howler monkeys (D:10)
  2 jellies (Lair:6)
  An orc priest (Orc:1)
  A hell rat (Lair:4)
  An iguana (Lair:6)
  An orc wizard (D:9)
  A polar bear simulacrum (Lair:3)
  4 wolf simulacra (Lair:3)
  7 gnolls
  A shadow imp (D:7)
  A white imp (D:8)
  4 orcs
  An endoplasm (Lair:6)
  8 kobolds
  2 butterflies (Lair:5)
  A fungus (Lair:5)
  A lurking horror (Lair:4)
161 creatures vanquished.

Vanquished Creatures (others)
  An orc knight (D:10)
  A komodo dragon (Lair:6)
  A slime creature (IceCv)
  6 orc warriors
  3 orc priests
  5 orc wizards
  19 orcs
  16 fungi
  45 plants
97 creatures vanquished.

Grand Total: 671 creatures vanquished

Notes
Turn   | Place    | Note
-------+----------+-------------------------------------------
     0 | D:1      | avis the Hill Orc Monk began the quest for the Orb.
     0 | D:1      | Reached XP level 1. HP: 19/19 MP: 1/1
   202 | D:1      | Reached XP level 2. HP: 26/26 MP: 2/2
   529 | D:1      | Reached skill level 5 in Axes
   822 | D:1      | Found a faded altar of an unknown god.
  1029 | D:1      | Reached XP level 3. HP: 28/31 MP: 3/3
  1707 | D:2      | Reached XP level 4. HP: 39/39 MP: 4/4
  1775 | D:2      | Found a runed translucent door.
  3112 | D:3      | Found a faded altar of an unknown god.
  3126 | D:3      | Found a basalt altar of Yredelemnul.
  3506 | D:4      | Reached XP level 5. HP: 46/46 MP: 5/5
  3537 | D:4      | Reached skill level 4 in Fighting
  3561 | D:4      | Reached XP level 6. HP: 26/55 MP: 6/6
  3590 | D:4      | Reached skill level 5 in Fighting
  3595 | D:4      | Found a sand-covered staircase.
  3640 | Ossuary  | Entered an ossuary
  3922 | Ossuary  | Reached XP level 7. HP: 62/62 MP: 7/7
  4016 | Ossuary  | Reached skill level 6 in Fighting
  4449 | D:4      | Reached skill level 10 in Axes
  4704 | D:2      | Noticed Crazy Yiuf
  4713 | D:2      | Killed Crazy Yiuf
  5144 | D:4      | Reached XP level 8. HP: 64/71 MP: 8/8
  5170 | D:4      | Noticed Duvessa
  5192 | D:4      | Noticed Dowan
  5199 | D:4      | Killed Duvessa
  5271 | D:4      | Killed Dowan
  5272 | D:4      | Reached skill level 7 in Fighting
  5472 | D:4      | Became a worshipper of Beogh the Brigand
  5472 | D:4      | Reached * piety under Beogh
  5472 | D:4      | Reached ** piety under Beogh
  5658 | D:5      | Entered Level 5 of the Dungeon
  5725 | D:5      | Found a broken altar of Ashenzari.
  6073 | D:5      | Reached skill level 1 in Invocations
  6083 | D:4      | Reached skill level 1 in Armour
  6237 | D:5      | Found an opulent altar of Gozag.
  6505 | D:5      | Found a sparkling altar of Nemelex Xobeh.
  6868 | D:5      | Reached XP level 9. HP: 53/81 MP: 11/11
  7243 | D:5      | Reached skill level 8 in Fighting
  7594 | D:6      | Noticed Eustachio
  7621 | D:6      | Killed Eustachio
  7692 | D:6      | Noticed Pikel
  7846 | D:5      | Killed Pikel
  7847 | D:5      | Reached skill level 5 in Invocations
  8188 | D:6      | Found a shadowy altar of Dithmenos.
  8790 | D:7      | Reached *** piety under Beogh
  8791 | D:7      | Reached skill level 5 in Armour
  8799 | D:7      | Reached skill level 9 in Fighting
  9087 | D:7      | Reached XP level 10. HP: 56/91 MP: 13/13
  9365 | D:7      | Noticed a gargoyle
  9386 | D:7      | Killed a gargoyle
  9508 | D:7      | Reached skill level 10 in Fighting
 10016 | D:7      | Killed an unseen horror
 10017 | D:7      | Reached skill level 11 in Fighting
 10039 | D:7      | HP: 4/97 [troll (7)]
 10049 | D:7      | Identified the +6 trident of Jasoliuz {flame, Str+4}
 10559 | D:7      | Found a staircase to the Ecumenical Temple.
 10577 | Temple   | Entered the Ecumenical Temple
 10787 | D:7      | Reached skill level 12 in Fighting
 11336 | Temple   | Learned a level 2 spell: Passwall
 11437 | D:8      | Noticed a manticore
 11444 | D:8      | Killed a manticore
 11445 | D:8      | Reached skill level 1 in Earth Magic
 11449 | D:8      | Identified the +0 helmet of Gearauss {+Inv Fly Dex-4
                  | Slay+4}
 12424 | D:9      | Reached **** piety under Beogh
 12448 | D:9      | Reached XP level 11. HP: 104/104 MP: 14/14
 12585 | D:9      | Reached skill level 15 in Axes
 13393 | D:9      | Noticed a death yak
 13413 | D:9      | Killed a death yak
 13418 | D:9      | Reached skill level 1 in Transmutations
 13850 | D:10     | Entered Level 10 of the Dungeon
 13963 | D:10     | Found a staircase to the Orcish Mines.
 14010 | D:10     | Found a staircase to the Lair.
 14359 | D:10     | Identified the ring "Apousch" {EV+4 Str+3 Int+3 Dex+4}
 14654 | D:10     | Noticed a two-headed ogre
 14661 | D:10     | Killed a two-headed ogre
 14662 | D:10     | Reached skill level 13 in Fighting
 14671 | D:10     | Found a transporter.
 14676 | D:10     | Noticed a thrashing horror
 14677 | D:10     | Found a corrupted altar of Lugonu.
 14679 | D:10     | Noticed a brown ugly thing
 14708 | D:10     | Found an ornate altar of the Wu Jian Council.
 14827 | D:10     | Found a transporter.
 14828 | D:10     | Noticed a white ugly thing
 15111 | Lair:1   | Entered Level 1 of the Lair of Beasts
 15157 | Lair:1   | Reached skill level 5 in Dodging
 15294 | Lair:1   | Gained Brunolf as an ally
 15507 | Lair:1   | Reached skill level 1 in Shields
 15579 | Lair:1   | Reached skill level 14 in Fighting
 15579 | Lair:1   | Reached XP level 12. HP: 117/117 MP: 15/15
 16146 | Lair:2   | Found a gate leading to a gauntlet.
 16157 | Gauntlet | Entered a Gauntlet
 16157 | Gauntlet | Found a transporter.
 16157 | Gauntlet | Found a transporter.
 16163 | Gauntlet | Found a transporter.
 16165 | Gauntlet | Found a transporter.
 16165 | Gauntlet | Found a transporter.
 16168 | Gauntlet | Found a transporter.
 16207 | Gauntlet | Found a transporter.
 16210 | Gauntlet | Found a transporter.
 16210 | Gauntlet | Found a transporter.
 16225 | Gauntlet | Found a transporter.
 16241 | Gauntlet | Found a transporter.
 16265 | Gauntlet | Found a transporter.
 16268 | Gauntlet | Noticed a great orb of eyes
 16270 | Gauntlet | Found a transporter.
 16315 | Gauntlet | Found a transporter.
 16362 | Gauntlet | Identified the ring of the Two Names {rPois Int+3}
 16514 | Gauntlet | Killed a great orb of eyes
 16515 | Gauntlet | Reached skill level 15 in Fighting
 16522 | Gauntlet | Identified the amulet of Yhecyd {RegenMP Rampage Drain
                  | Will+++ Str+2}
 16543 | Gauntlet | Noticed a minotaur
 16553 | Gauntlet | Killed a minotaur
 16559 | Gauntlet | Found the +9 staff of Wucad Mu {*channel}
 16764 | Lair:1   | Reached skill level 17 in Fighting
 16764 | Lair:1   | Reached XP level 13. HP: 132/132 MP: 15/18
 16765 | Lair:1   | Upgraded the game from 0.29-a0-364-g921d912d32 to
                  | 0.29-a0-371-g91724d5b39
 17496 | Lair:2   | Noticed Gastronok
 17509 | Lair:2   | Killed Gastronok
 17996 | Lair:3   | Learned a level 2 spell: Blink
 18476 | Lair:3   | Identified the +10 flail of Vengeance {vorpal, rF+ Dex+3}
 18773 | Lair:3   | Reached skill level 5 in Earth Magic
 19013 | Lair:4   | Found a staircase to the Swamp.
 19030 | Lair:4   | Reached skill level 18 in Fighting
 19101 | Lair:4   | Found a frozen archway.
 19141 | IceCv    | Entered an ice cave
 19279 | IceCv    | Reached ***** piety under Beogh
 19442 | IceCv    | Reached skill level 1 in Translocations
 19664 | IceCv    | Got the ring "Ymirghula" {Ice rPois Dex+4}
 20085 | IceCv    | Gained Bogward as an ally
 20093 | IceCv    | Reached XP level 14. HP: 88/144 MP: 21/21
 20299 | IceCv    | Found a viscous altar of Jiyva.
 20299 | IceCv    | Noticed an azure jelly
 20301 | IceCv    | Noticed an azure jelly
 20306 | IceCv    | Killed an azure jelly
 20307 | IceCv    | Reached skill level 10 in Invocations
 20310 | IceCv    | Killed an azure jelly
 20326 | IceCv    | Got the ring "Sirrimmi" {rC+ Str+3 Int+3}
 20330 | IceCv    | Got the +9 whip "Aczeq" {freeze, rF- Int+4}
 20331 | IceCv    | Identified the +1 leather armour of Awe {Harm Str+3 Dex+3}
 20823 | Lair:4   | Reached skill level 19 in Fighting
 20829 | Lair:4   | Found a hole to the Spider Nest.
 21218 | Lair:4   | Learned a level 5 spell: Manifold Assault
 21242 | Lair:4   | Reached skill level 1 in Spellcasting
 21452 | Lair:4   | Found a corrupted altar of Lugonu.
 21454 | Lair:4   | Found a one-way gate to the infinite horrors of the Abyss.
 22594 | Lair:1   | Upgraded the game from 0.29-a0-371-g91724d5b39 to
                  | 0.29-a0-378-gc08b2e8bf8
 22996 | Lair:5   | Reached skill level 20 in Fighting
 23429 | Lair:5   | Upgraded the game from 0.29-a0-378-gc08b2e8bf8 to
                  | 0.29-a0-384-g6960b1960d
 23986 | Lair:6   | Entered Level 6 of the Lair of Beasts
 24198 | Lair:6   | Reached skill level 5 in Translocations
 24246 | Lair:6   | Found a runed translucent door.
 24360 | Lair:6   | Found a staircase to the Slime Pits.
 24569 | Lair:6   | Reached skill level 5 in Spellcasting
 24712 | Lair:6   | Reached XP level 15. HP: 147/155 MP: 22/22
 25275 | Lair:6   | Your ally Brunolf died
 25674 | Lair:6   | Reached ****** piety under Beogh
 26345 | D:11     | Noticed Josephine
 26349 | D:11     | Killed Josephine
 26367 | D:11     | Noticed Harold
 26373 | D:11     | Killed Harold
 26424 | Orc:1    | Entered Level 1 of the Orcish Mines
 26488 | Orc:1    | Found Fanoskath's General Store.
 26510 | Orc:1    | Bought 2 potions of brilliance for 120 gold pieces
 26510 | Orc:1    | Bought a scroll of identify for 30 gold pieces
 26510 | Orc:1    | Identified 3 scrolls of acquirement
 26570 | Orc:1    | Gained Beowulf as an ally
 26571 | Orc:1    | Your ally Beowulf died
 27077 | Lair:1   | Acquired 974 gold pieces
 27079 | Lair:1   | Acquired the ring "Wyafroq" {rPois rN+ Dex+4 Stlth+}
 27085 | Lair:1   | Acquired a +0 broad axe of freezing
 27132 | Orc:2    | Entered Level 2 of the Orcish Mines
 27132 | Orc:2    | Found a staircase to the Elven Halls.
 27133 | Orc:2    | Found a roughly hewn altar of Beogh.
 27156 | Orc:2    | Found a runed translucent gate.
 27156 | Orc:2    | Found a runed translucent gate.
 27156 | Orc:2    | Found a runed translucent gate.
 27389 | Orc:2    | Noticed kevlar127's ghost (journeyman TrBe)
 27391 | Orc:2    | Found a roughly hewn altar of Beogh.
 27403 | Orc:2    | Killed kevlar127's ghost
 27414 | Orc:2    | HP: 7/155 [orc knight/+0 great sword (8)]
 27415 | Orc:2    | Demolished by an orc knight

Illustrated notes

Levels and vault maps discovered:
D:1:      dpeg_arrival_tiny_g, layout_basic, shapermc_ecumenical_altar_petra,
          ebering_dispersal_statue_hall, minmay_lizard_king
D:2:      layout_basic, minmay_indecisive_spiral, uniq_crazy_yiuf_cottage
D:3:      layout_basic, nicolae_overflow_ecumenical_swirl
D:4:      layout_basic, nicolae_ossuary_entry_catacombs, uniq_duvessa
D:5:      minmay_chambers_of_threes, layout_basic, nemelex_altar_shiori,
          cheibrodos_ashenzari_chains, grunt_gozag_breadcrumbs
D:6:      layout_basic, grunt_dithmenos_shadows, uniq_pikel, uniq_eustachio
D:7:      minmay_the_grid_triangle_9x9_rhombus_full
          [minmay_the_grid_triangle_9x9_checkered,
          minmay_the_grid_triangle_9x9_warning,
          minmay_the_grid_triangle_9x9_zippers_horizontal,
          minmay_the_grid_triangle_9x9_steps,
          minmay_the_grid_triangle_9x9_alien,
          minmay_the_grid_triangle_9x9_impossible_snake,
          minmay_the_grid_triangle_9x9_pentomino_pain,
          minmay_the_grid_triangle_9x9_prize_insulated], layout_loops_ring,
          minmay_temple_entry_purple_smoke, minmay_misc_feat_more_columns
D:8:      layout_gridville
D:9:      layout_roguey [special_room_bee], serial_ice, serial_ice_b,
          serial_ice_h, serial_ice_f, serial_ice_i
D:10:     gammafunk_corrupted_shrine, layout_irregular_city,
          nicolae_overflow_crystal_walls, lair_entry_dummy, minivault_8
D:11:     layout_cave_pools, nicolae_hepliaklqana_monster_ancestors,
          uniq_harold, uniq_erica, uniq_josephine
Temple:   nicolae_temple_elliptical
Lair:1:   layout_hall_layers, grunt_megastairs_5
Lair:2:   layout_gridlike, gauntlet_entry_generic, uniq_gastronok
Lair:3:   layout_roguey, eino_house_with_fridge
Lair:4:   layout_gridlike, minmay_swamp_entry_swarm, spider_nest_entry_rubble,
          special_room [special_room_mythical_zoo],
          portal_ice_cave_demonic_guard, amcnicky_altar_lugonu_corruption,
          serial_bayou_shore_a, infiniplex_staircase_pool
Lair:5:   dragon1_lemuel, layout_big_grid, serial_bayou_shore_b,
          lemuel_fruit_tree, lemuel_fruit_fields
Lair:6:   wormcave, layout_gridlike, guppyfry_lair_end_dragon,
          nicolae_slime_entry_slimehenge, dreamdust_mushroom_princess,
          nicolae_lair_lindhole, serial_bayou_shore_b
Orc:1:    layout_caves, serial_shops, shop
Orc:2:    st_orc_town, layout_caves, basic_altar, biasface_ghost_orc_armoury,
          nicolae_shop_overcharged_wands

Skill      XL: |  1  2  3  4  5  6  7  8  9 10 11 12 13 14 15 |
---------------+----------------------------------------------+-----
Axes           | 5 6 7 8 9 10 11 13 14 16 | 16.0
Fighting       | 4 5 6 7 9 12 14 17 18 20 | 20.0
Invocations    | 3 5 7 9 10 | 10.0
Armour         | 3 5 |  5.0
Earth Magic    | 2 4 5 |  5.0
Dodging        | 3 5 |  5.0
Transmutations | 1 |  1.0
Shields        | 1 4 |  4.0
Translocations | 2 5 7 |  7.0
Spellcasting   | 5 |  5.7
Stealth        | |  1.5

Action                   |  1- 3 |  4- 6 |  7- 9 | 10-12 | 13-15 || total
-------------------------+-------+-------+-------+-------+-------++-------
Melee: Hand axe          |   112 |   212 |   495 |   137 |       ||   956
       Punch             |       |     1 |     9 |     3 |       ||    13
       War axe           |       |       |       |   209 |   263 ||   472
       Flail             |       |       |       |       |   181 ||   181
       Broad axe         |       |       |       |       |    19 ||    19
 Fire: Hunting sling     |    38 |    46 |     7 |       |       ||    91
       Hand crossbow     |       |       |       |       |     3 ||     3
Throw: Javelin           |       |       |     9 |       |       ||     9
       Dart              |       |       |     9 |       |       ||     9
       Stone             |       |       |     1 |       |       ||     1
       Throwing net      |       |       |     1 |       |       ||     1
 Cast: Passwall          |       |       |       |    24 |       ||    24
       Blink             |       |       |       |       |     1 ||     1
Invok: Convert to Beogh  |       |       |     1 |       |       ||     1
       Recall Orcish Fol |       |       |       |     3 |    14 ||    17
       Smiting           |       |       |       |     3 |     3 ||     6
       Stop Recall       |       |       |       |     2 |     5 ||     7
       Give Item to Name |       |       |       |       |     2 ||     2
Evoke: Box of beasts     |       |       |       |     1 |       ||     1
  Use: Scroll            |       |     8 |     8 |     8 |    15 ||    39
       Potion            |       |       |     3 |    11 |    11 ||    25
 Stab: Held in net/web   |       |       |     1 |       |       ||     1
       Sleeping          |       |       |       |     3 |     1 ||     4
       Invisible         |       |       |       |     2 |       ||     2
       Distracted        |       |       |       |       |     6 ||     6
       Confused          |       |       |       |       |     1 ||     1
Armor: Scale mail        |    41 |    81 |    48 |       |       ||   170
       Chain mail        |       |       |   116 |       |       ||   116
       Steam dragon scal |       |       |    38 |   111 |   141 ||   290
       Leather armour    |       |       |    17 |       |       ||    17
       Skin              |       |       |       |       |    11 ||    11
Dodge: Dodged            |    58 |    76 |   171 |   174 |   311 ||   790
Block: Buckler           |       |       |       |     9 |   103 ||   112

Table legend: (Time is in decaauts)
 A = Elapsed time spent in this place.
 B = Non-inter-level travel time spent in this place.
 C = Inter-level travel time spent in this place.
 D = Time resting spent in this place.
 E = Time spent auto-exploring this place.
 F = Levels seen in this place.
 G = Mean time per level.
                   A        B        C        D        E       F      G
               +--------+--------+--------+--------+--------+-----+--------+
         Total |  27297 |  23956 |   3341 |   6942 |   9281 |  23 | 1186.8 |
       Dungeon |  15123 |  13229 |   1894 |   4049 |   5592 |  11 | 1374.8 |
        Temple |     92 |     90 |      2 |      0 |      0 |   1 |   92.0 |
          Lair |   8635 |   7277 |   1358 |   1450 |   3368 |   6 | 1439.2 |
  Orcish Mines |    863 |    777 |     86 |      0 |    321 |   2 |  431.5 |
       Ossuary |    722 |    722 |      0 |    504 |      0 |   1 |  722.0 |
      Ice Cave |   1349 |   1349 |      0 |    860 |      0 |   1 | 1349.0 |
      Gauntlet |    510 |    510 |      0 |     78 |      0 |   1 |  510.0 |
               +--------+--------+--------+--------+--------+-----+--------+

Top non-repeatable levels by time:
     D:7: 2647 daAuts
  Lair:6: 1981 daAuts
    D:10: 1897 daAuts
  Lair:4: 1696 daAuts
     D:2: 1620 daAuts
     D:5: 1600 daAuts
     D:9: 1577 daAuts
     D:4: 1439 daAuts
  Lair:1: 1364 daAuts
   IceCv: 1349 daAuts
  Lair:3: 1338 daAuts
  Lair:5: 1264 daAuts
     D:1: 1254 daAuts
     D:6: 1072 daAuts
  Lair:2: 990 daAuts
